 Dungeon Crawl Stone Soup version 0.30-a0-373-gd37427bb62 (webtiles) character file.

Game seed: 15523961621541207435

52 twist the Changer (level 3, -1/23 HPs)
             Began as an Octopode Transmuter on Nov 24, 2022.
             Splashed by a jelly's acid (10 damage)
             ... on level 4 of the Dungeon.
             The game lasted 00:02:10 (1868 turns).

twist the Changer (Octopode Transmuter)             Turns: 1868, Time: 00:02:10

Health: -1/23      AC:  1    Str:  9    XL:     3   Next: 85%
Magic:  6/7        EV: 12    Int: 17    God:
Gold:   203        SH:  3    Dex: 12    Spells: 7/8 levels left

rFire   . . .      SeeInvis .      - Unarmed
rCold   . . .      Faith    .    k - +0 buckler
rNeg    . . .      Spirit   .    (helmet currently unavailable)
rPois   +          Reflect  .    (no amulet)
rElec   .          Harm     .    i - ring of poison resistance
rCorr   .          Rampage  .    (no ring)
Will    .....                    (no ring)
Stlth   ++........               (no ring)
HPRegen 0.23/turn                (no ring)
MPRegen 0.10/turn                (no ring)
                                 (no ring)
                                 (no ring)

@: appendages
A: tentacle spike 3, almost no armour, amphibious, 8 rings, camouflage 1,
gelatinous body 1, (nimble swimmer 1), tentacles
a: End Transformation


You were on level 4 of the Dungeon.
One of your tentacles had grown a beastly spike.
You visited 1 branch of the dungeon, and saw 4 of its levels.

You collected 203 gold pieces.

Inventory:

Armour
 k - a +0 buckler (worn)
Jewellery
 h - a ring of ice
 i - a ring of poison resistance (left tentacle)
 n - a +6 ring of intelligence
Scrolls
 f - a scroll of enchant weapon
 g - 2 scrolls of butterflies {unknown}
 l - a scroll of fear {unknown}
 t - a scroll of amnesia {unknown}
Potions
 a - 2 potions of lignification
 c - 5 potions of curing {unknown}
 e - 2 potions of haste {unknown}
 j - 3 potions of heal wounds {unknown}
 m - a potion of resistance
 q - a potion of ambrosia {unknown}
 s - a potion of might {unknown}
 v - a potion of attraction {unknown}


   Skills:
 - Level 1.0 Fighting
 - Level 2.0 Dodging
 - Level 3.0 Unarmed Combat
 + Level 3.0 Spellcasting
 + Level 3.1 Transmutations


You had 7 spell levels left.
You knew the following spells:

 Your Spells              Type           Power      Damage    Failure   Level
a - Beastly Appendage     Tmut           26%        N/A       6%          1

Your spell library contained the following spells:

 Spells                   Type           Power      Damage    Failure   Level
 Wereblood                Tmut           13%        N/A       10%         2
 Spider Form              Tmut/Pois      7%         N/A       36%         3
 Ignite Poison            Fire/Tmut/Pois 6%         N/A       43%         3
 Kindle Blastsparks       Fire/Tloc/Air  4%         2d10      56%         3
 Ice Form                 Ice/Tmut       7%         N/A       77%         4
 Freezing Cloud           Conj/Ice/Air   1%         6-21      100%        5


Dungeon Overview and Level Annotations

Branches:
Dungeon (4/15)
 Temple: D:4-7

Altars:

Annotations:
D:3 1 runed translucent door, Crazy Yiuf


Innate Abilities, Weirdness & Mutations

One of your tentacles has grown a beastly spike.
You cannot wear most types of armour.
You are amphibious.
You can wear up to eight rings at the same time.
Your skin changes colour to match your surroundings (Stealth+).
Your rubbery body absorbs attacks. (AC +1, EV +1)
((You are camouflaged when in or above water. (Stealth+)))
You have tentacles for arms and can constrict up to eight enemies at once.


Message History

As you read the scroll labelled HORUVE OFIPSOPN, it crumbles to dust.
You hear a loud clanging noise!
It was a scroll of noise.
You hear an angry hiss.
You hear a shout! x13
As you read the scroll labelled JAMAKY VUHAIN, it crumbles to dust.
The air around you briefly surges with heat, but it dissipates.
It was a scroll of immolation.
As you read the scroll labelled JUHEPP LANEZXI, it crumbles to dust.
It is a scroll of enchant weapon.
You aren't carrying any weapons that can be enchanted.
Blink to where?
Press: ? - help, Dir - move target
As you read the scroll labelled KENGOITIDO, it crumbles to dust.
It was a scroll of blinking.
As you read the scroll labelled KOMOVVAXKY, it crumbles to dust.
You feel strangely unstable.
It was a scroll of teleportation.
Your surroundings suddenly seem different.
Found a scroll of torment, a glaive and 6 stones.
Your tentacle spike disappears.
Unknown command.
A jelly comes into view.
The jelly moves out of view.
You see here a scroll of torment.
An iguana comes into view.
The jelly quivers.
An iguana comes into view.
Casting: Beastly Appendage (safe; 6% risk of failure)
Confirm with . or Enter, or press ? or * to list all spells.
One of your tentacles grows a vicious spike.
The jelly closely misses you.
Unknown command.
You tentacle-slap the jelly but do no damage.
Your tentacles burn!
* * * LOW HITPOINT WARNING * * *
You squeeze the jelly.
The jelly is lightly wounded.
The jelly hits you.
* * * LOW HITPOINT WARNING * * *
You are splashed with acid!
You die...

.... #........#.........#
.....#.........##########
^....#'####....#
...........######
...........# ..........$#
........†..+
...........###+##
#########...J@..##########
#..........?.....#
#................#
#......(.........#
#l...............#
..................#
.l............)....#
.....................
.....................


You could see 2 iguanas and a jelly.

Vanquished Creatures
  A dart slug (D:2)
  2 worms (D:3)
  5 endoplasms
  3 giant cockroaches
  7 goblins
  2 hobgoblins
  3 quokkas (D:1)
  A ball python (D:3)
  6 bats
  3 frilled lizards
  4 kobolds
  5 rats
42 creatures vanquished.

Vanquished Creatures (others)
  A fungus (D:3)
1 creature vanquished.

Grand Total: 43 creatures vanquished

Notes
Turn   | Place    | Note
-------+----------+-------------------------------------------
     0 | D:1      | twist the Octopode Transmuter began the quest for the Orb.
     0 | D:1      | Reached XP level 1. HP: 13/13 MP: 3/3
   157 | D:1      | Huge Dmg: 3 dmg
   158 | D:1      | Reached XP level 2. HP: 14/18 MP: 1/5
   347 | D:1      | Huge Dmg: 4 dmg
   884 | D:2      | Reached XP level 3. HP: 23/23 MP: 6/6
  1018 | D:3      | Found a faded altar of an unknown god.
  1053 | D:3      | Huge Dmg: 5 dmg
  1736 | D:3      | Found a runed translucent door.
  1737 | D:3      | Identified a +1 cloak of preservation
  1737 | D:3      | Noticed Crazy Yiuf
  1849 | D:4      | Huge Dmg: 8 dmg
  1868 | D:4      | Splashed by a jelly's acid

Illustrated notes

Levels and vault maps discovered:
D:1:      dpeg_arrival_renting, layout_rooms
D:2:      layout_rooms, minmay_misc_feat_iff, minmay_distorted
D:3:      layout_loops_ring, hellmonk_ecumenical_altar_run_dry,
          grunt_ministairs_9, nicolae_titane, uniq_crazy_yiuf_cottage
D:4:      layout_gridville, temple_hall, uniq_sigmund, uniq_robin

Skill      XL: |  1  2  3 |
---------------+----------+-----
Transmutations | 3 |  3.1
Spellcasting   | 3 |  3.0
Fighting       | |  1.0
Dodging        | |  2.0
Unarmed Combat | |  3.0

Action                   || total
-------------------------++-------
Melee: Unarmed           ||    80
       Constrict         ||    20
       Kick              ||    22
       Tentacles         ||    20
       Punch             ||     3
 Cast: Beastly Appendage ||    29
  Use: Scroll            ||     7
 Stab: Sleeping          ||     5
       Distracted        ||     1
Armor: Skin              ||    11
Dodge: Dodged            ||    33
Block: Buckler           ||     4

Table legend: (Time is in decaauts)
 A = Elapsed time spent in this place.
 B = Non-inter-level travel time spent in this place.
 C = Inter-level travel time spent in this place.
 D = Time resting spent in this place.
 E = Time spent auto-exploring this place.
 F = Levels seen in this place.
 G = Mean time per level.
                   A        B        C        D        E       F      G
               +--------+--------+--------+--------+--------+-----+--------+
         Total |   1864 |   1773 |     91 |      0 |   1416 |   4 |  466.0 |
       Dungeon |   1864 |   1773 |     91 |      0 |   1416 |   4 |  466.0 |
               +--------+--------+--------+--------+--------+-----+--------+

Top non-repeatable levels by time:
     D:3: 765 daAuts
     D:1: 529 daAuts
     D:2: 485 daAuts
     D:4: 83 daAuts
